 Dungeon Crawl Stone Soup version 0.28.0-53-g5a82cb258f (console) character file.

Game seed: 13871408229509684391

8856 erker the Geomancer (level 11, 0/61 HPs)
             Began as an Octopode Earth Elementalist on July 11, 2022.
             Was an Initiate of Gozag.
             Slain by a centaur warrior (7 damage)
             ... on level 11 of the Dungeon on July 12, 2022.
             The game lasted 01:28:16 (13819 turns).

erker the Geomancer (Octopode Earth Elementalist)  Turns: 13819, Time: 01:28:17

Health: 0/61       AC:  3    Str: 11    XL:     11   Next: 37%
Magic:  13/20      EV: 14    Int: 21    God:    Gozag
Gold:   889        SH:  3    Dex: 14    Spells: 12/22 levels left

rFire   + . .      SeeInvis .   a - +0 dagger
rCold   + . .      Faith    .   z - +0 buckler
rNeg    . . .      Spirit   .   L - +2 hat
rPois   +          Reflect  .   s - amulet of regeneration
rElec   +          Harm     .   r - ring of poison resistance
rCorr   +          Rampage  .   j - ring of resist corrosion
Will    .....                   (no ring)
Stlth   ++++......              (no ring)
HPRegen 1.00/turn               (no ring)
MPRegen 0.17/turn               (no ring)
                                (no ring)
                                (no ring)

@: mighty, resistant, hasted, invisible, very quick
A: almost no armour, amphibious, 8 rings, camouflage 1, gelatinous body 1,
(nimble swimmer 1), tentacles, agile 1, strong 1
a: Renounce Religion, Potion Petition, Call Merchant, Bribe Branch


You were on level 11 of the Dungeon.
You worshipped Gozag.
Gozag was pleased with you.
You visited 2 branches of the dungeon, and saw 12 of its levels.

You collected 1678 gold pieces.
You paid 789 gold pieces to Gozag.

Inventory:

Hand Weapons
 a - a +0 dagger (weapon)
 n - a +0 rapier
 o - a +0 short sword of venom
Missiles
 b - 34 stones
 f - 72 sling bullets
 k - 33 bolts
 x - 2 silver javelins (quivered)
 J - 10 poisoned darts
Armour
 z - a +0 buckler (worn)
 L - a +2 hat (worn)
Magical Staves
 A - a staff of poison
 I - a staff of cold
Jewellery
 j - a ring of resist corrosion (right tentacle)
 p - a ring of ice
 q - a ring of fire
 r - a ring of poison resistance (left tentacle)
 s - an amulet of regeneration (around mantle)
Wands
 i - a wand of acid (11)
 D - a wand of flame (8)
Scrolls
 e - 3 scrolls of immolation
 h - a scroll of holy word
 l - 3 scrolls of fog
 t - a scroll of noise {unknown}
 u - 2 scrolls of vulnerability {unknown}
 v - a scroll of silence
 y - 3 scrolls of magic mapping
 C - a scroll of amnesia
 E - a scroll of acquirement {unknown}
 H - a scroll of summoning {unknown}
 M - a scroll of enchant weapon
Potions
 c - 6 potions of curing
 d - 2 potions of resistance
 m - a potion of mutation
 w - 3 potions of flight
 B - a potion of haste
 F - 2 potions of lignification {unknown}
 G - a potion of invisibility {unknown}
 K - a potion of brilliance


   Skills:
 - Level 4.0 Short Blades
 - Level 4.0 Dodging
 - Level 6.0 Stealth
 - Level 6.0 Spellcasting
 + Level 5.9 Summonings
 - Level 10.0 Transmutations
 - Level 10.0 Earth Magic


You had 12 spell levels left.
You knew the following spells:

 Your Spells              Type           Power      Damage    Failure   Level
a - Sandblast             Erth           96%        2d20      1%          1
d - Call Canine Familiar  Summ           31%        N/A       3%          3
p - Petrify               Tmut/Erth      48%        N/A       2%          4
w - Passwall              Tmut/Erth      40%        N/A       1%          2

Your spell library contained the following spells:

 Spells                   Type           Power      Damage    Failure   Level
 Summon Small Mammal      Summ           100%       N/A       1%          1
 Stone Arrow              Conj/Erth      54%        3d10      4%          3
 Ignite Poison            Fire/Tmut/Pois 20%        N/A       11%         3
 Animate Skeleton         Necr           12%        N/A       13%         1
 Apportation              Tloc           12%        N/A       13%         1
 Leda's Liquefaction      Hex/Erth       13%        N/A       17%         4
 Mephitic Cloud           Conj/Pois/Air  6%         N/A       36%         3
 Portal Projectile        Hex/Tloc       12%        N/A       36%         3
 Tukima's Dance           Hex            6%         N/A       36%         3
 Yara's Violent Unravell  Hex/Tmut       13%        3d7       43%         5
 Anguish                  Hex/Necr       3%         N/A       78%         4
 Passage of Golubria      Tloc           6%         N/A       78%         4
 Freezing Cloud           Conj/Ice/Air   3%         6-21      98%         5
 Enfeeble                 Hex            3%         N/A       100%        7


Dungeon Overview and Level Annotations

Branches:
Dungeon (11/15)            Temple (1/1) D:5            Lair (0/6) D:11
    Orc (0/2) D:10

Altars:
Ashenzari
Cheibriados
Dithmenos
Elyvilon
Fedhas
Gozag
Hepliaklqana
Kikubaaqudgha
Makhleb
Nemelex Xobeh
Okawaru
Qazlal
Ru
Sif Muna
Trog
Uskayaw
Vehumet
Wu Jian
Xom
Yredelemnul
Zin
The Shining One

Shops:
D:2 :

Annotations:
D:2 exclusion: 2 orc wizards
D:3 Grinder
D:4 exclusions: goblin and ogre
D:6 exclusions: centaur and ogre
D:8 exclusion: black bear, Harold
D:9 exclusions: howler monkey and vampire
D:10 exclusion: catoblepas
D:11 1 runed translucent door, erker's ghost, journeyman GnEE


Innate Abilities, Weirdness & Mutations

You cannot wear most types of armour.
You are amphibious.
You can wear up to eight rings at the same time.
Your skin changes colour to match your surroundings (Stealth+).
Your rubbery body absorbs attacks. (AC +1, EV +1)
((You are camouflaged when in or above water. (Stealth+)))
You have tentacles for arms and can constrict up to eight enemies at once.
You are agile. (Dex +2)
Your muscles are strong. (Str +2)


Message History

The centaur warrior closely misses you.
There is an open door, spattered with blood here.
Casting: Petrify (dangerous; 2% risk of failure)
Confirm with . or Enter, or press ? or * to list all spells.
Aiming: Sandblast (safe; 1% risk of failure)
Press: ? - help, Shift-Dir - straight line, f/p - centaur warrior
Aim: a centaur warrior, quivering arrows (87% to hit)
The blast of sand hits the centaur warrior!!
The centaur warrior is moderately wounded.
b - 34 stones The centaur warrior hits you!
The centaur warrior kicks you.
* * * LOW HITPOINT WARNING * * *
The centaur warrior barely misses you. The centaur warrior kicks you.
* * * LOW HITPOINT WARNING * * *
You feel much better. The centaur warrior hits you!
The centaur warrior kicks you.
It was a potion of haste.
You feel yourself speed up. You block the centaur warrior's attack.
The centaur warrior kicks you. The centaur warrior hits you!
* * * LOW HITPOINT WARNING * * *
The centaur warrior kicks you.
* * * LOW HITPOINT WARNING * * *
Okay, then.
Unknown command.
Unknown command.
Unknown command.
Okay, then.
Unknown command.
Unknown command.
Unknown command. [a] - 216 gold - might and brilliance [b] - 704 gold - haste, resistance, invisibility and might [c] - 540 gold - resistance, might and brilliance Purchase which effect?
You feel as though your hastened speed will last longer.
You feel protected.
You fade into invisibility!
You feel very mighty all of a sudden. The centaur warrior hits you!
You die...
Your body crumbles into a pile of gold.

###.##### ##.....##.........#
####.#.### ##.......######.##.#
#........# #.......=.####...#.#
...........+........)'........#
#.##.....###........$####...#.#
#.##...#.# ##.......## ##.##.#
#.###..#.# ##.....## ####.#
#.#......# ##...## #.#
#........# ##@## #...###... #c#
...## #.# ..##. #.# .##.. ...
.+..W ..... .##.. .....## ..##.
.....## ...## .......


You could see a centaur warrior.

Vanquished Creatures
  2 two-headed ogres
  Pikel (D:6)
  A cyclops (D:11)
  A dream sheep (D:9)
  A wraith (D:8)
  4 yaks (D:9)
  2 shadows
  3 vampire mosquitoes (D:10)
  A water moccasin (D:9)
  2 ice beasts (D:7)
  3 orc warriors
  A sky beast (D:6)
  An ogre (D:5)
  4 centaurs
  A phantom (D:5)
  2 lemures
  2 kobold brigands
  A scorpion (D:6)
  3 gnoll sergeants
  A wyvern zombie (D:6)
  A water moccasin zombie (D:6)
  A wyvern skeleton (D:6)
  17 killer bees
  5 wights (D:7)
  A howler monkey (D:6)
  2 bullfrog zombies
  2 centaur zombies
  4 orc priests
  3 gnoll shamans
  3 hounds
  3 jellies
  2 centaur skeletons
  Terence (D:3)
  Jessica (D:3)
  4 iguanas
  12 orc wizards
  4 hound zombies (D:4)
  A howler monkey skeleton (D:6)
  A howler monkey zombie (D:10)
  30 gnolls
  3 adders
  A shadow imp (D:7)
  2 white imps
  An adder skeleton (D:4)
  A worm (D:2)
  A dart slug (D:1)
  37 orcs
  4 ball pythons
  10 endoplasms
  4 giant cockroaches
  9 goblins
  11 hobgoblins
  4 jackals (D:1)
  15 kobolds
  3 quokkas
  6 bats
  4 frilled lizards
  A quokka zombie (D:4)
  4 rats
256 creatures vanquished.

Vanquished Creatures (collateral kills)
  A centaur zombie (D:11)
  2 dream sheep (D:9)
  2 shadows
  3 orcs (D:10)
8 creatures vanquished.

Grand Total: 264 creatures vanquished

Notes
Turn   | Place    | Note
-------+----------+-------------------------------------------
     0 | D:1      | erker the Octopode Earth Elementalist began the quest for
                  | the Orb.
     0 | D:1      | Reached XP level 1. HP: 11/11 MP: 3/3
    60 | D:1      | Found a faded altar of an unknown god.
   263 | D:1      | Reached XP level 2. HP: 17/17 MP: 0/5
   609 | D:1      | Learned a level 2 spell: Passwall
   942 | D:1      | Reached XP level 3. HP: 16/21 MP: 6/6
  1266 | D:1      | Reached skill level 1 in Short Blades
  2221 | D:2      | Found Ileru's Book Boutique.
  2371 | D:2      | Reached XP level 4. HP: 27/27 MP: 4/7
  3042 | D:3      | Noticed Terence
  3052 | D:3      | Killed Terence
  3091 | D:3      | Noticed Grinder
  3156 | D:3      | Noticed Jessica
  3164 | D:3      | Killed Jessica
  3165 | D:3      | Reached XP level 5. HP: 19/31 MP: 8/8
  3951 | D:4      | Noticed an ogre
  3961 | D:4      | Reached skill level 5 in Earth Magic
  3961 | D:4      | Reached XP level 6. HP: 35/36 MP: 6/9
  4133 | D:4      | Found a basalt altar of Yredelemnul.
  4306 | D:5      | Entered Level 5 of the Dungeon
  4368 | D:5      | Found a blossoming altar of Fedhas.
  4575 | D:5      | Reached XP level 7. HP: 41/41 MP: 10/10
  4589 | D:5      | Found a staircase to the Ecumenical Temple.
  4598 | Temple   | Entered the Ecumenical Temple
  4815 | Temple   | Became a worshipper of Gozag Ym Sagoz the Greedy
  5228 | D:4      | Learned a level 4 spell: Petrify
  5551 | D:6      | Noticed Pikel
  5674 | D:6      | Killed Pikel
  5675 | D:6      | Reached XP level 8. HP: 37/46 MP: 6/13
  5929 | D:6      | You fall into a shaft and drop 1 floor!
  5988 | D:6      | Found a hide-covered altar of Uskayaw.
  6226 | D:6      | Found a sparkling altar of Nemelex Xobeh.
  6613 | D:6      | Reached XP level 9. HP: 45/51 MP: 13/15
  8062 | D:7      | Reached skill level 5 in Stealth
  8254 | D:7      | Found a radiant altar of Vehumet.
  8369 | D:7      | Found a white marble altar of Elyvilon.
  8919 | D:8      | Noticed Harold
  9195 | D:8      | Reached skill level 5 in Spellcasting
  9210 | D:8      | Noticed a two-headed ogre
  9506 | D:8      | Reached XP level 10. HP: 19/56 MP: 10/19
  9540 | D:8      | Killed a two-headed ogre
 11031 | D:9      | Learned a level 3 spell: Call Canine Familiar
 11186 | D:9      | Found a glowing silver altar of Zin.
 11186 | D:9      | Noticed an angel
 11231 | D:9      | Reached skill level 1 in Summonings
 11483 | D:9      | Reached skill level 10 in Earth Magic
 11566 | D:9      | Found the +5 robe of Night {Dark Will+ SInv}
 11575 | D:9      | Reached XP level 11. HP: 61/61 MP: 17/20
 12191 | D:10     | Entered Level 10 of the Dungeon
 12507 | D:10     | Noticed a catoblepas
 12871 | D:10     | Found a staircase to the Orcish Mines.
 12988 | D:10     | Reached skill level 10 in Transmutations
 13448 | D:11     | Noticed a two-headed ogre
 13549 | D:11     | Found a runed translucent door.
 13552 | D:11     | Noticed erker's ghost (journeyman GnEE)
 13569 | D:11     | Found a staircase to the Lair.
 13641 | D:11     | Killed a two-headed ogre
 13642 | D:11     | Reached skill level 5 in Summonings
 13741 | D:11     | Noticed a cyclops
 13750 | D:11     | Killed a cyclops
 13803 | D:11     | Noticed a centaur warrior
 13814 | D:11     | Gained mutation: You are agile. (Dex +2) [potion of
                  | mutation]
 13814 | D:11     | Gained mutation: Your muscles are strong. (Str +2) [potion
                  | of mutation]
 13819 | D:11     | Slain by a centaur warrior

Illustrated notes

Levels and vault maps discovered:
D:1:      minmay_arrival_loop, layout_basic,
          hellmonk_ecumenical_altar_dog_temple
D:2:      layout_loops_corners, serial_shops, nicolae_square_shop
D:3:      layout_loops_ring, chequers_serial_rivers_micro_c, uniq_terence,
          uniq_grinder, uniq_jessica
D:4:      layout_rooms, nicolae_yredelemnul_corpse_copse, minmay_goblin_outpost
D:5:      layout_rooms, fedhas_altar_1, minmay_temple_entry_mist,
          hex_intersection
D:6:      nicolae_cairo_tiling, layout_loops_ring,
          nicolae_overflow_hidden_temple, nemelex_xobeh_ov_fountains_minmay,
          minmay_bent, uniq_pikel
D:7:      layout_basic, mainiacjoe_overflow_two_lobes, kennysheep_nub
D:8:      layout_basic, uniq_harold
D:9:      layout_stronghold, zin_angel, hellmonk_guarded_unrand_night
D:10:     layout_roguey, hiddenorc1_lemuel
D:11:     layout_loops_corners, lair_entry_dummy,
          hellmonk_ghost_happy_afterlife, kennysheep_generic_room_6
Temple:   regret_index_temple_generic_petals

Skill      XL: |  1  2  3  4  5  6  7  8  9 10 11 |
---------------+----------------------------------+-----
Stealth        | 3 4 6 |  6.0
Short Blades   | 1 2 3 4 |  4.0
Earth Magic    | 4 5 6 7 8 10 | 10.0
Transmutations | 2 6 7 8 10 | 10.0
Spellcasting   | 3 4 6 |  6.0
Dodging        | 4 |  4.0
Summonings     | 4 5 |  5.9

Action                   |  1- 3 |  4- 6 |  7- 9 | 10-12 || total
-------------------------+-------+-------+-------+-------++-------
Melee: Unarmed           |     7 |       |       |       ||     7
       Tentacles         |    12 |    25 |    47 |    61 ||   145
       Constrict         |     9 |    19 |    36 |    27 ||    91
       Dagger            |    57 |    18 |       |    10 ||    85
       Punch             |     1 |     3 |     3 |     2 ||     9
       Short sword       |       |    72 |   163 |   147 ||   382
       Rapier            |       |       |       |    10 ||    10
Throw: Javelin           |       |       |     2 |     3 ||     5
       Stone             |       |       |     2 |       ||     2
       Dart              |       |       |     9 |     5 ||    14
 Cast: Sandblast         |    19 |    13 |   126 |    62 ||   220
       Passwall          |     2 |     1 |    21 |    13 ||    37
       Petrify           |       |       |     7 |     9 ||    16
       Call Canine Famil |       |       |       |    12 ||    12
Invok: Potion Petition   |       |       |       |     1 ||     1
Evoke: Wand              |       |     1 |    29 |     9 ||    39
  Use: Potion            |       |       |     3 |     5 ||     8
       Scroll            |       |       |     9 |     5 ||    14
 Stab: Sleeping          |    10 |    15 |     9 |     7 ||    41
       Distracted        |       |       |     2 |     1 ||     3
       Petrified         |       |       |    12 |    22 ||    34
       Petrifying        |       |       |     1 |     1 ||     2
Armor: Skin              |     4 |     1 |    14 |    16 ||    35
Dodge: Dodged            |    31 |    32 |   112 |    83 ||   258
Block: Buckler           |       |       |       |    17 ||    17
